AoeStats
← Roidz4

Lombardia

508845496Analyzed
2v2 RM · 9d ago on Sep 24, 2026· 27m 20s· 4 players
Game mode
Random Map
Map size
Medium (4 player)
Population
200
Speed
Normal
Resources
Standard
Victory
Conquest
Starting age
Dark Age
Ending age
Imperial Age
RankedLock teamsTeams togetherTeam positionsShared explorationLock speedFull tech treeHidden civsTurbo modeCheats
Victory
Defeat
🇦🇺 Slavs · Australia
1116
+16
🇦🇺 Tatars · Australia
1064
+19
🇿🇦 Portuguese · South Africa
1142
-18
🇧🇪 Huns · Belgium
1105
-17
Agrone
10:28 Feudal Age
8:47 Loom
10:33 Feudal Age
13:12 Double-Bit Axe
14:13 Horse Collar
18:13 Castle Age
18:03 Forging
21:32 Wheelbarrow
Roidz4
7:39 Loom
10:00 Feudal Age
14:49 Double-Bit Axe
14:45 Horse Collar
16:39 Fletching
24:51 Castle Age
25:06 Bloodlines
25:04 Crossbowman
25:44 Bodkin Arrow
Rogue
11:20 Feudal Age
11:13 Loom
11:49 Double-Bit Axe
12:42 Wheelbarrow
12:27 Horse Collar
16:55 Castle Age
14:57 Man-at-Arms
17:44 Scale Mail Armor
18:10 Long Swordsman
19:39 Chain Mail Armor
20:33 Squires
21:02 Gold Mining
22:06 Forging
23:39 Iron Casting
teovilo
10:10 Feudal Age
11:45 Loom
12:23 Double-Bit Axe
16:17 Castle Age
14:34 Forging
15:59 Horse Collar
17:25 Gold Mining
17:38 Fletching
18:35 Bow Saw
20:02 Bodkin Arrow
22:43 Padded Archer Armor
23:59 Wheelbarrow
24:23 Town Watch
25:26 Leather Archer Armor
25:56 Bloodlines
26:43 Heavy Plow
27:24 Husbandry
Connection lost

Rejoining the realm…

Still unreachable

The connection could not be restored.

Session expired

The server has moved on; the page needs a fresh start.